 Dungeon Crawl Stone Soup version 0.28-a0-1143-gcf6077d4cc (webtiles) character file.

Game seed: 9898147617447244098

247 ytrimaz the Insei (level 6, -2/58 HPs)
             Began as an Octopode Transmuter on Dec 13, 2021.
             Slain by Duvessa (8 damage)
             ... on level 4 of the Dungeon.
             The game lasted 00:03:10 (4120 turns).

ytrimaz the Insei (Octopode Transmuter)             Turns: 4120, Time: 00:03:10

Health: -2/58      AC:  2    Str:  9    XL:     6   Next: 11%
Magic:  5/10       EV: 20    Int: 24    God:
Gold:   201        SH:  0    Dex: 17    Spells: 5/11 levels left

rFire   . . .      SeeInvis .     - Unarmed
rCold   . . .      Faith    .   (shield currently unavailable)
rNeg    . . .      Spirit   .   (helmet currently unavailable)
rPois   x          Reflect  .   (no amulet)
rElec   .          Harm     .   a - +6 ring of intelligence
rCorr   .          Rampage  .   (no ring)
Will    .....                   (no ring)
Stlth   ..........              (no ring)
HPRegen 0.19/turn               (no ring)
MPRegen 0.12/turn               (no ring)
                                (no ring)
                                (no ring)

@: berserking, spider-form (expiring), wereblooded, very quick
A: venomous fangs, almost no armour, (amphibious), 8 rings, tiny, (camouflage
1), (gelatinous body 1), (nimble swimmer 1), (tentacles)
a: End Transformation


You were on level 4 of the Dungeon.
You were a venomous arachnid creature.
You visited 1 branch of the dungeon, and saw 4 of its levels.

You collected 201 gold pieces.

Inventory:

Jewellery
 a - a +6 ring of intelligence (left front leg)
Wands
 f - a wand of iceblast (10)
Scrolls
 d - a scroll of teleportation
 e - a scroll of blinking
 h - a scroll of torment
Potions
 b - a potion of cancellation
 c - a potion of berserk rage


   Skills:
 * Level 2.1 Fighting
 * Level 3.0 Dodging
 + Level 4.2 Unarmed Combat
 * Level 3.0 Spellcasting
 * Level 3.0 Transmutations
 * Level 1.5 Poison Magic


You had 5 spell levels left.
You knew the following spells:

 Your Spells              Type           Power      Damage    Failure   Level
a - Spider Form           Tmut/Pois      14%        N/A       30%         3
b - Wereblood             Tmut           18%        N/A       14%         2
c - Beastly Appendage     Tmut           36%        N/A       11%         1

Your spell library contained the following spells:

 Spells                   Type           Power      Damage    Failure   Level
 Ice Form                 Ice/Tmut       11%        N/A       71%         4


Dungeon Overview and Level Annotations

Branches:
Dungeon (4/15)
 Temple: D:4-7

Altars:

Annotations:
D:4 Dowan, Duvessa


Innate Abilities, Weirdness & Mutations

You are a venomous arachnid creature.
You have poisonous fangs.
You are tiny and dextrous.
Your spellcasting is less reliable in this form.
Your armour is entirely melded.
You are incapable of wielding weapons or throwing items.
You cannot wear most types of armour.
((You are amphibious.))
You can wear up to eight rings at the same time.
((Your skin changes colour to match your surroundings (Stealth+).))
((Your rubbery body absorbs attacks. (AC +1, EV +1)))
((You are camouflaged near water. (Stealth+)))
((You have tentacles for arms and can constrict up to eight enemies at once.))


Message History

Duvessa, Sister of Dowan comes into view.
She is wielding a +3 short sword.
Duvessa shouts!
There are monsters nearby!
There is a stone staircase leading down here.
Dowan, Brother of Duvessa comes into view.
He is wielding a +0 dagger.
Unknown command.
Casting: Beastly Appendage (safe; 3% risk of failure)
Confirm with . or Enter, or press ? or * to list all spells.
The spell is quite dangerous to miscast (13% risk of failure)!
Continue anyway?
Your tentacle spike disappears.
You turn into a venomous arachnid creature.
Dowan shouts!
You hear an angry hiss.
Dowan casts a spell at Duvessa.
Duvessa seems to speed up.
A ball python comes into view.
The endoplasm quivers.
Duvessa hits you with a +3 short sword!
Casting: Spider Form (quite dangerous; 30% risk of failure)
Confirm with . or Enter, or press ? or * to list all spells.
Your blood is infused with primal strength.
Your transformation is almost over.
Duvessa hits you with a +3 short sword!
You hit Duvessa.
Duvessa is poisoned.
Duvessa is lightly wounded.
Duvessa hits you with a +3 short sword!
You hit Duvessa.
Duvessa is moderately wounded.
Duvessa completely misses you. Duvessa misses you.
Unknown command.
You hit Duvessa.
Duvessa looks as sick as possible!
Duvessa is heavily wounded.
Duvessa hits you with a +3 short sword.
* * * LOW HITPOINT WARNING * * *
Unknown command.
A red film seems to cover your vision as you go berserk!
You feel yourself moving faster!
You feel mighty! Duvessa hits you with a +3 short sword.
* * * LOW HITPOINT WARNING * * *
Duvessa hits you with a +3 short sword!
You die...

#.##.. ###.##)## ##
#.......# .S.
#.......# eJ
#.......#.####
########.#.#.........#
...........>.e......#
###..###....J####..##
...... #.....es....#
##...##.....e##...#
#.....!..###.## ..#
#..###......... ...
#..# #.......#.. ..#
#..# #.#######.#. .#
#..# #.# . # #..# #.#
#..###.##


You could see Duvessa (fast, extremely poisoned), Dowan and an endoplasm.

Vanquished Creatures
  A black bear (D:3)
  An iguana (D:4)
  Terence (D:3)
  2 adders (D:3)
  A worm (D:3)
  6 dart slugs
  7 ball pythons
  8 endoplasms
  A giant cockroach (D:4)
  5 goblins
  6 hobgoblins
  5 jackals
  6 kobolds
  3 quokkas
  8 bats
  3 frilled lizards
  9 rats
73 creatures vanquished.

Notes
Turn   | Place    | Note
-------+----------+-------------------------------------------
     0 | D:1      | ytrimaz the Octopode Transmuter began the quest for the
                  | Orb.
     0 | D:1      | Reached XP level 1. HP: 13/13 MP: 3/3
    78 | D:1      | Reached XP level 2. HP: 2/18 MP: 5/5
   333 | D:1      | Learned a level 2 spell: Wereblood
   692 | D:1      | Found a faded altar of an unknown god.
   704 | D:1      | Reached XP level 3. HP: 23/23 MP: 3/6
   719 | D:1      | Learned a level 3 spell: Spider Form
  1753 | D:2      | Reached XP level 4. HP: 10/28 MP: 4/7
  2388 | D:3      | Noticed Terence
  2404 | D:3      | Killed Terence
  2627 | D:3      | Noticed a black bear
  2634 | D:3      | Killed a black bear
  2635 | D:3      | Reached skill level 4 in Unarmed Combat
  2635 | D:3      | Reached skill level 1 in Poison Magic
  2635 | D:3      | Reached XP level 5. HP: 15/34 MP: 4/9
  4028 | D:4      | Reached XP level 6. HP: 39/39 MP: 6/10
  4109 | D:4      | Noticed Duvessa
  4111 | D:4      | Noticed Dowan
  4120 | D:4      | Slain by Duvessa

Illustrated notes

Levels and vault maps discovered:
D:1:      dpeg_arrival_triangle_fractal, layout_rooms,
          hellmonk_ecumenical_altar_zigzags, minmay_tromino_mix6
D:2:      layout_rooms, hex_intersection, chequers_serial_rivers_small_a,
          st_stairs_14, dk_noncrumbling_2
D:3:      layout_basic, uniq_terence
D:4:      layout_basic, uniq_edmund, uniq_crazy_yiuf_cottage, uniq_duvessa

Skill      XL: |  1  2  3  4  5 |
---------------+----------------+-----
Unarmed Combat | 4 |  4.2
Poison Magic   | 1 |  1.5
Fighting       | 2 |  2.1
Transmutations | 3 |  3.0
Dodging        | 3 |  3.0
Spellcasting   | 3 |  3.0

Action                   |  1- 3 |  4- 6 || total
-------------------------+-------+-------++-------
Melee: Unarmed           |   105 |    78 ||   183
       Kick              |    18 |     1 ||    19
       Constrict         |    27 |     5 ||    32
       Tentacles         |    13 |     3 ||    16
       Punch             |     1 |       ||     1
 Cast: Beastly Appendage |     9 |     2 ||    11
       Wereblood         |     2 |     2 ||     4
       Spider Form       |     3 |    14 ||    17
  Use: Scroll            |     6 |     4 ||    10
       Potion            |       |     1 ||     1
 Stab: Sleeping          |     3 |       ||     3
Armor: Skin              |    10 |     4 ||    14
Dodge: Dodged            |    84 |    54 ||   138

Table legend: (Time is in decaauts)
 A = Elapsed time spent in this place.
 B = Non-inter-level travel time spent in this place.
 C = Inter-level travel time spent in this place.
 D = Time resting spent in this place.
 E = Time spent auto-exploring this place.
 F = Levels seen in this place.
 G = Mean time per level.
                   A        B        C        D        E       F      G
               +--------+--------+--------+--------+--------+-----+--------+
         Total |   4106 |   4084 |     22 |    430 |   3096 |   4 | 1026.5 |
       Dungeon |   4106 |   4084 |     22 |    430 |   3096 |   4 | 1026.5 |
               +--------+--------+--------+--------+--------+-----+--------+

Top non-repeatable levels by time:
     D:3: 1646 daAuts
     D:2: 1237 daAuts
     D:1: 1120 daAuts
     D:4: 101 daAuts
